 Dungeon Crawl Stone Soup version 0.21-a0-582-g1b93aee (webtiles) character file.

65 wvc the Skirmisher (level 3, -12/30 HPs)
             Began as a Demonspawn Wanderer on Dec 19, 2017.
             Was a Follower of Uskayaw.
             Engulfed by a cloud of flame (15 damage)
             ... on level 2 of the Dungeon.
             The game lasted 00:04:25 (2473 turns).

wvc the Skirmisher (Demonspawn Wanderer)            Turns: 2473, Time: 00:04:26

Health: -12/30     AC:  7    Str: 11    XL:     3   Next: 92%
Magic:  4/4        EV:  9    Int: 17    God:    Uskayaw [*.....]
Gold:   93         SH:  3    Dex: 10    Spells: 4/4 levels left

rFire    . . .     SeeInvis .   j - +0 spear
rCold    . . .     Gourm    .   h - +0 buckler
rNeg     . . .     Faith    .   b - +0 ring mail
rPois    .         Spirit   .   n - +0 helmet
rElec    .         Reflect  .   (no cloak)
rCorr    .         Harm     .   (no gloves)
MR       .....                  (no boots)
Stlth    +.........             (no amulet)
HPRegen  0.10/turn              (no ring)
MPRegen  0.09/turn              (no ring)

@: no status effects
A: rugged brown scales 1
a: Stomp, Renounce Religion


You were on level 2 of the Dungeon.
You worshipped Uskayaw.
Uskayaw was noncommittal.
You were not hungry.

You visited 1 branch of the dungeon, and saw 2 of its levels.

You collected 93 gold pieces.

Inventory:

Hand Weapons
 i - a +0 short sword
 j - a +0 spear (weapon)
Armour
 b - a +0 ring mail (worn)
 h - a +0 buckler (worn)
 n - a +0 helmet (worn)
Wands
 c - a wand of random effects (15)
Scrolls
 g - a scroll of identify {unknown}
 k - 2 scrolls of random uselessness {unknown}
 m - a scroll of fog {unknown}
 o - 2 scrolls of remove curse {unknown}
 p - a scroll of teleportation {unknown}
Potions
 d - a potion of curing {unknown}
 l - a potion of heal wounds {unknown}
 q - a potion of flight {unknown}
Books
 a - a book of Necromancy

   Spells                             Type                      Level
   a - Pain                           Necromancy                   1
   b - Animate Skeleton               Necromancy                   1
   c - Vampiric Draining              Necromancy                   3
   d - Regeneration                   Charms/Necromancy            3
   e - Animate Dead                   Necromancy                   4
   f - Control Undead                 Necromancy                   4
Comestibles
 f - 8 rations


   Skills:
 - Level 3.8 Fighting
 * Level 1.4 Polearms
 + Level 1.3 Armour
 + Level 0.8 Dodging
 - Level 1.0 Stealth
 - Level 1.0 Spellcasting
   Level 1.0 Charms
   Level 3.2 Necromancy
 - Level 1.0 Evocations


You had 4 spell levels left.
You didn't know any spells.

Dungeon Overview and Level Annotations

Branches:
Dungeon (2/15)

Altars:
Dithmenos
Uskayaw


Innate Abilities, Weirdness & Mutations

You are partially covered in rugged brown scales. (AC +1, +3% HP)


Message History

Found 23 bolts.
A bat comes into view.
The bat barely misses you.
Found a hunting sling.
You hit the bat.
You kill the bat!
No target in view!
No target in view!
q - a glowing green potion
Found 12 stones.
Really walk into a travel-excluded area?
You are engulfed in blazing flames.
Ouch! That really hurt!
You are engulfed in blazing flames.
* * * LOW HITPOINT WARNING * * *
As you read the scroll labeled ZIROWA SYDEDGH, it crumbles to dust.
You assume a fearsome visage.
Nothing appears to happen.
It was a scroll of fear.
You are engulfed in blazing flames.
Ouch! That really hurt!
You die...

#.........#
##.........
####.######
#<......... #.#
#####...... #.# #
#...... #.# §#
#...... #.# §§#
#......
#.#####...#####......
#..§§§./...§§§.......
#..§@§.(...§.§.......
##.§§§..)..§§§.######
######...##### #§§§#
§.§# §§§# ... #.# #.#


There were no monsters in sight!

Vanquished Creatures
  An adder (D:2)
  An ooze (D:2)
  3 leopard geckos
  2 giant cockroaches
  6 goblins
  8 hobgoblins
  4 jackals (D:2)
  A ball python (D:1)
  4 bats
  2 frilled lizards
  8 kobolds
  4 rats
44 creatures vanquished.

Vanquished Creatures (others)
  A rat (D:2)
1 creature vanquished.

Grand Total: 45 creatures vanquished

Notes
Turn   | Place    | Note
-------+----------+-------------------------------------------
     0 | D:1      | wvc the Demonspawn Wanderer began the quest for the Orb.
     0 | D:1      | wvc set off with: a book of Necromancy, a +0 ring mail, a wand of random effects (15), a +0 club, a ration
     0 | D:1      | Reached XP level 1. HP: 18/18 MP: 2/2
   628 | D:1      | Gained mutation: You are partially covered in rugged brown scales. (AC +1, +3% HP) [demonic ancestry]
   628 | D:1      | Reached XP level 2. HP: 18/24 MP: 3/3
  1562 | D:1      | Reached XP level 3. HP: 30/30 MP: 4/4
  1957 | D:2      | Found a shadowy altar of Dithmenos.
  1965 | D:2      | Reached skill level 1 in Armour
  2023 | D:2      | Reached skill level 1 in Polearms
  2196 | D:2      | Found a faded altar of an unknown god.
  2226 | D:2      | Became a worshipper of Uskayaw the Reveler
  2226 | D:2      | Reached * piety under Uskayaw
  2473 | D:2      | Engulfed by a cloud of flame

Vault maps used:
D:1:      dpeg_arrival_water_temple_mockup
D:2:      nicolae_dithmenos_through_a_glass_darkly,
          chequers_ecumenical_altar_island, lemuel_flame_loot_1

Skill      XL: |  1  2  3 |
---------------+----------+-----
Armour         | 1 |  1.3
Polearms       | 1 |  1.4
Fighting       | |  3.8
Dodging        | |  0.8
Stealth        | |  1.0
Spellcasting   | |  1.0
Charms         | |  1.0
Necromancy     | |  3.2
Evocations     | |  1.0

Action                   || total
-------------------------++-------
Melee: Short sword       ||    35
       Club              ||     8
       Spear             ||   161
  Use: Scroll            ||     1
 Stab: Distracted        ||     1
  Eat: Chunk             ||     5
Armor: Ring mail         ||    81
Dodge: Dodged            ||    93
Block: Buckler           ||    17

Table legend:
 A = Spawn XP
 B = Non-spawn XP
 C = Spawn XP percentage of total XP
 D = Spawn monster count
 E = Non-spawn monster count
 F = Spawn count percentage of total count
 G = Total turns spent on level
                    A         B        C        D         E        F      G
               +---------+---------+-------+---------+---------+-------+---------
         Total |       0 |      93 |   0.0 |       0 |      44 |   0.0 |  2473
               +---------+---------+-------+---------+---------+-------+---------
           D:1 |       0 |      43 |   0.0 |       0 |      24 |   0.0 |  1726
           D:2 |       0 |      50 |   0.0 |       0 |      20 |   0.0 |   747
               +---------+---------+-------+---------+---------+-------+---------
